 Dungeon Crawl Stone Soup version 0.17.1-1-g73c8601 (webtiles) character file.

75817 abixa the Brawler (level 15, -8/153 (154) HPs)
             Began as a Troll Monk on Jan 7, 2016.
             Was the Champion of Okawaru.
             Mangled by a vault guard
             ... wielding a +0 battleaxe
              (11 damage)
             ... on level 13 of the Dungeon.
             The game lasted 01:27:07 (24614 turns).

abixa the Brawler (Troll Monk)                     Turns: 24614, Time: 01:27:07

HP:   -8/153 (154)  AC: 11    Str: 23      XL:     15   Next: 10%
MP:   17/17         EV: 14    Int:  4 (6)  God:    Okawaru [******]
Gold: 2875          SH:  0    Dex: 17      Spells: 0 memorised, 14 levels left

rFire  . . .     SeeInvis .       - Unarmed
rCold  + . .     Clarity  .     E - +2 troll leather armour
rNeg   + . .     SustAt   .     (no shield)
rPois  .         Gourm    +     (helmet restricted)
rElec  .         Spirit   .     q - +1 cloak
rCorr  +         Warding  .     (gloves unavailable)
rMut   .         Stasis   .     (boots unavailable)
MR     +....                    N - amulet of resist corrosion
Stlth  ++........               f - ring of positive energy
                                c - ring of protection from cold

@: about to teleport, manticore barbs, somewhat resistant to hostile
enchantments, unstealthy
A: unfitting armour, claws 3, fast metabolism 3, gourmand, regeneration 2,
shaggy fur 1, tough skin 2
a: Heroism, Finesse, Renounce Religion


You were on level 13 of the Dungeon.
You worshipped Okawaru.
Okawaru was exalted by your worship.
You were hungry.

You visited 4 branches of the dungeon, and saw 26 of its levels.

You collected 2875 gold pieces.

Inventory:

Missiles
 e - 27 javelins
 h - 31 tomahawks (quivered)
 i - 23 large rocks
 l - 60 poisoned needles
 n - 3 tomahawks of dispersal
 y - a throwing net
 V - 4 curare-tipped needles
Armour
 q - a +1 cloak (worn)
 t - a +2 robe of magic resistance
 E - a +2 troll leather armour (worn)
Jewellery
 c - a ring of protection from cold (left claw)
 f - a ring of positive energy (right claw)
 v - an uncursed ring of fire
 D - an uncursed ring of poison resistance
 F - an uncursed ring of flight
 N - an amulet of resist corrosion (around neck)
 Y - an uncursed amulet of stasis
Wands
 d - a wand of hasting (5)
 k - a wand of teleportation (5)
 K - a wand of paralysis (15)
Scrolls
 a - a scroll of identify
 b - a scroll of holy word {unknown}
 g - 2 scrolls of blinking {unknown}
 p - 9 scrolls of remove curse
 r - 6 scrolls of teleportation
 u - 2 scrolls of enchant weapon {unknown}
 x - a scroll of amnesia
 z - 8 scrolls of magic mapping
 B - a scroll of brand weapon
 G - 2 scrolls of silence
 L - a scroll of immolation {unknown}
 S - a scroll of random uselessness {unknown}
 T - a scroll of fear {unknown}
 U - a scroll of torment {unknown}
Potions
 j - a potion of magic {unknown}
 s - 3 potions of cancellation
 w - 7 potions of curing
 A - 2 potions of haste
 C - a potion of lignification {unknown}
 H - 4 potions of might
 I - 2 potions of agility
 O - 3 potions of heal wounds
 P - 5 potions of flight {unknown}
 R - a potion of poison {unknown}
 W - 4 potions of ambrosia {unknown}
Comestibles
 m - 2 slices of pizza
 o - a bread ration
 J - a meat ration


   Skills:
 - Level 11.6 Fighting
 - Level 11.0 Throwing
 + Level 3.3 Armour
 + Level 7.2 Dodging
 - Level 1.1 Stealth
 - Level 17.2 Unarmed Combat
 + Level 4.1 Invocations


You had 14 spell levels left.
You didn't know any spells.

Dungeon Overview and Level Annotations

Branches:
Dungeon (13/15)            Temple (1/1) D:5            Lair (8/8) D:9
 Shoals (0/4) Lair:4       Spider (0/4) Lair:6        Slime (0/6) Lair:6
    Orc (4/4) D:10            Elf (0/3) Orc:4        Vaults (0/5) D:13

Altars:
Ashenzari
Cheibriados
Dithmenos
Elyvilon
Fedhas
Gozag
Kikubaaqudgha
Makhleb
Nemelex Xobeh
Okawaru
Qazlal
Ru
Sif Muna
Trog
Vehumet
Xom
Yredelemnul
Zin
The Shining One
Beogh
Jiyva

Shops:
Orc:1 %   Orc:4 !(%:


Innate Abilities, Weirdness & Mutations

You are too large for most types of armour.
You have claws for hands.
Your metabolism is lightning-fast.
You like to eat raw meat.
You heal very quickly.
You are covered in fur (AC +1).
You have very tough skin (AC +2).


Message History

The vault guard hits you from afar with a halberd!
* * * LOW HITPOINT WARNING * * *
The wolf spider zombie hits you but does no damage.
The wolf spider zombie misses you.
Read which item? (? for menu, Esc to quit)
As you read the scroll of teleportation, it crumbles to dust.
You feel strangely unstable. The wolf spider zombie hits you.
* * * LOW HITPOINT WARNING * * *
The wolf spider zombie bites you.
* * * LOW HITPOINT WARNING * * *
You mangle the wolf spider zombie!!
The vault guard hits you from afar with a halberd!!
* * * LOW HITPOINT WARNING * * *
The wolf spider zombie hits you but does no damage.
The wolf spider zombie bites you.
* * * LOW HITPOINT WARNING * * *
The barbed spikes dig painfully into your body as you move.
* * * LOW HITPOINT WARNING * * *
The vault guard hits you with a battleaxe!
You die...

#..........####........
#...................###
#........ ..........#
#.......# #.........#
#.......###.........+
#........##....####.#
#....................
#####...##.......##..
#@p####.....####. #Z##
##...## #####p## #+##
#....pZ## #....ac.##
#....u...# .
####.....'..lpZ. .
#.....#...c.. .
#....##.#.Z.# .


You could see 3 vault guards, a brown ugly thing, a yaktaur, a worker ant, a
wolf spider zombie and a centaur zombie.

Vanquished Creatures
  An orc warlord (Orc:3)
  A vault guard (D:13)
  4 hydras
  11 death yaks
  3 catoblepae (Lair:8)
  A centaur warrior (D:13)
  4 ogre magi (Orc:4)
  An orc high priest (Orc:2)
  Nergalle (Lair:4)
  2 unseen horrors
  4 hill giants
  Pikel (D:8)
  Psyche (D:8)
  An orc sorcerer (Orc:4)
  2 griffons (Lair:7)
  A manticore (D:13)
  An orc knight (Orc:3)
  17 elephants
  3 cyclopes
  Maurice (D:11)
  A black mamba (Lair:1)
  A torpor snail (Lair:6)
  13 spiny frogs
  A yaktaur (D:13)
  A gargoyle (D:12)
  10 komodo dragons
  A queen bee (Lair:8)
  4 trolls
  A harpy zombie (D:9)
  A fire drake (Lair:3)
  Grinder (D:6)
  14 two-headed ogres
  A jumping spider (Lair:6)
  15 blink frogs
  Sigmund (D:2)
  A redback (Lair:6)
  A wraith (D:10)
  A trapdoor spider (D:9)
  4 basilisks
  49 yaks
  4 hungry ghosts
  Eustachio (D:4)
  A mottled dragon (D:8)
  A wyvern (D:13)
  10 hippogriffs
  The ghost of abixa the Poker, an amateur DgSk (D:3)
  11 wolves
  Menkaure (D:4)
  5 wargs
  10 water moccasins
  2 spiders (Lair:6)
  8 porcupines
  4 sky beasts
  2 slaves (D:8)
  An eye of draining (D:12)
  2 ice beasts
  2 black bears
  8 phantoms
  32 ogres
  26 orc warriors
  A wasp (D:7)
  14 crocodiles
  4 centaurs
  A brain worm (D:12)
  4 necrophages
  18 giant frogs
  4 scorpions
  2 troll zombies (D:10)
  32 killer bees
  5 electric eels (D:12)
  6 crimson imps
  34 orc priests
  8 jellies
  A quasit (D:11)
  4 hounds
  2 giant frog skeletons
  27 orc wizards
  Crazy Yiuf (D:4)
  3 centaur skeletons
  4 iguanas
  7 hell rats (Lair:4)
  18 worker ants
  Natasha (thrice) (D:2)
  A killer bee zombie (D:8)
  20 sheep
  6 ogre zombies (D:10)
  A hound zombie (D:6)
  A worker ant zombie (D:5)
  5 gnolls
  20 adders
  43 river rats
  6 shadow imps
  7 oozes
  2 worms
  6 giant geckos
  169 orcs
  11 giant cockroaches
  9 hobgoblins
  17 jackals
  2 quokkas
  3 ball pythons
  11 bats
  2 giant gecko skeletons (D:7)
  A giant gecko zombie (D:5)
  8 giant newts
  5 goblins
  A goblin zombie (D:10)
  5 hobgoblin skeletons (D:10)
  8 kobolds
  2 orc skeletons (D:10)
  17 orc zombies (D:10)
  A quokka skeleton (D:7)
  7 rats
  A spectral orc (D:3)
  A plant (Lair:4)
917 creatures vanquished.

Vanquished Creatures (others)
  A slave (D:8)
  A necrophage (D:8)
  A wyvern zombie (D:12)
  A water moccasin skeleton (D:12)
  24 fungi
  29 plants
57 creatures vanquished.

Grand Total: 974 creatures vanquished

Notes
Turn   | Place    | Note
--------------------------------------------------------------
     0 | D:1      | abixa the Troll Monk began the quest for the Orb.
     0 | D:1      | Reached XP level 1. HP: 22/22 MP: 0/0
    54 | D:1      | Found an iron altar of Okawaru.
    64 | D:1      | Became a worshipper of Warmaster Okawaru
    64 | D:1      | Reached * piety under Okawaru
    64 | D:1      | Reached ** piety under Okawaru
   153 | D:1      | Reached XP level 2. HP: 29/29 MP: 1/1
   851 | D:2      | Reached skill level 5 in Unarmed Combat
   857 | D:2      | Reached XP level 3. HP: 36/36 MP: 2/2
   875 | D:2      | Found a sparkling altar of Nemelex Xobeh.
   916 | D:2      | Noticed Sigmund
  1049 | D:3      | Reached XP level 4. HP: 41/44 MP: 3/3
  1175 | D:3      | Found a basalt altar of Yredelemnul.
  1247 | D:3      | Reached skill level 6 in Unarmed Combat
  1297 | D:3      | Found a faded altar to an unknown god.
  1576 | D:3      | Reached XP level 5. HP: 40/50 MP: 4/4
  1664 | D:3      | Noticed abixa's ghost (amateur DgSk)
  1735 | D:3      | Killed abixa's ghost
  1735 | D:3      | Reached skill level 7 in Unarmed Combat
  1735 | D:3      | Reached XP level 6. HP: 40/59 MP: 5/5
  1927 | D:4      | Reached *** piety under Okawaru
  2005 | D:4      | Noticed Menkaure
  2012 | D:4      | Killed Menkaure
  2012 | D:4      | Reached skill level 8 in Unarmed Combat
  2236 | D:4      | Reached XP level 7. HP: 52/67 MP: 6/6
  2255 | D:4      | Noticed Eustachio
  2267 | D:4      | Killed Eustachio
  2412 | D:4      | Reached skill level 9 in Unarmed Combat
  2468 | D:4      | Noticed Crazy Yiuf
  2560 | D:4      | Killed Crazy Yiuf
  2641 | D:5      | Entered Level 5 of the Dungeon
  2651 | D:5      | Reached **** piety under Okawaru
  2651 | D:5      | Reached XP level 8. HP: 74/78 MP: 7/7
  2742 | D:5      | Received a gift from Okawaru
  2956 | D:5      | Reached skill level 10 in Unarmed Combat
  2967 | D:5      | Found a staircase to the Ecumenical Temple.
  2976 | Temple   | Entered the Ecumenical Temple
  3887 | D:6      | Reached skill level 5 in Fighting
  3891 | D:6      | Reached skill level 11 in Unarmed Combat
  4040 | D:6      | Reached XP level 9. HP: 81/87 MP: 8/8
  4253 | D:6      | Noticed Grinder
  4259 | D:6      | Killed Grinder
  4728 | D:7      | Found an opulent altar of Gozag.
  4869 | D:7      | Reached ***** piety under Okawaru
  5339 | D:7      | Found an ancient bone altar of Kikubaaqudgha.
  5339 | D:7      | Found a radiant altar of Vehumet.
  5508 | D:8      | Noticed Maurice
  5625 | D:8      | Noticed Pikel
  5646 | D:8      | Killed Pikel
  5646 | D:8      | Reached skill level 12 in Unarmed Combat
  5743 | D:8      | Noticed a komodo dragon
  5751 | D:8      | Killed a komodo dragon
  5937 | D:8      | Noticed Psyche
  5943 | D:8      | Killed Psyche
  5943 | D:8      | Reached XP level 10. HP: 80/99 MP: 9/9
  5974 | D:8      | Reached skill level 13 in Unarmed Combat
  6734 | D:9      | Found a staircase to the Lair.
  6795 | D:9      | Reached ****** piety under Okawaru
  6883 | D:9      | Found a bloodstained altar of Trog.
  6883 | D:9      | Found a snail-covered altar of Cheibriados.
  6883 | D:9      | Found a shadowy altar of Dithmenos.
  7156 | D:9      | Noticed a hill giant
  7164 | D:9      | Killed a hill giant
  7164 | D:9      | Reached skill level 14 in Unarmed Combat
  7226 | D:10     | Entered Level 10 of the Dungeon
  7227 | D:10     | Found a blossoming altar of Fedhas.
  7321 | D:10     | Noticed a hill giant
  7327 | D:10     | Killed a hill giant
  7327 | D:10     | Reached skill level 1 in Invocations
  7498 | D:9      | Reached XP level 11. HP: 103/110 MP: 10/10
  7503 | Lair:1   | Entered Level 1 of the Lair of Beasts
  8418 | Lair:2   | Noticed an eight-headed hydra
  8603 | Lair:2   | Received a gift from Okawaru
  8618 | Lair:2   | Reached skill level 15 in Unarmed Combat
  8885 | Lair:2   | Noticed an eight-headed hydra
 10122 | D:10     | Noticed a hill giant
 10123 | D:10     | Found a staircase to the Orcish Mines.
 10171 | D:9      | Killed a hill giant
 10212 | D:10     | Reached XP level 12. HP: 96/122 MP: 12/12
 10836 | D:11     | Killed Maurice
 11149 | D:11     | Reached skill level 16 in Unarmed Combat
 11215 | D:11     | Reached skill level 5 in Dodging
 11757 | D:2      | Killed Sigmund
 11874 | D:2      | Noticed Natasha
 11883 | D:2      | Killed Natasha
 11883 | D:2      | Received a gift from Okawaru
 12077 | D:2      | Noticed Natasha
 12082 | D:2      | Killed Natasha
 12133 | D:2      | Noticed Natasha
 12139 | D:2      | Killed Natasha
 13181 | Lair:4   | Noticed Nergalle
 13216 | Lair:4   | Killed Nergalle
 13461 | Lair:4   | Found a staircase to the Shoals.
 13498 | Lair:4   | Reached skill level 10 in Fighting
 13538 | Lair:4   | Identified the Incunabulum of Earthen Creation
 14013 | Lair:5   | Received a gift from Okawaru
 14021 | Lair:5   | Reached XP level 13. HP: 105/132 MP: 13/13
 14164 | Lair:5   | Reached skill level 17 in Unarmed Combat
 14644 | Lair:6   | Found a viscous altar of Jiyva.
 14787 | Lair:6   | Reached skill level 1 in Armour
 14938 | Lair:6   | Found a staircase to the Slime Pits.
 15386 | Lair:6   | Found a hole to the Spider Nest.
 15943 | Lair:7   | Received a gift from Okawaru
 16314 | Lair:8   | Entered Level 8 of the Lair of Beasts
 16318 | Lair:8   | Reached skill level 1 in Throwing
 16684 | Lair:8   | Received a gift from Okawaru
 16684 | Lair:8   | Reached skill level 5 in Throwing
 17098 | Lair:8   | Reached XP level 14. HP: 133/143 MP: 15/15
 18512 | Orc:1    | Entered Level 1 of the Orcish Mines
 18735 | Orc:1    | Found Goxobic's Food Shop.
 19071 | Orc:1    | Received a gift from Okawaru
 19629 | Orc:3    | Found a roughly hewn altar of Beogh.
 19744 | Orc:3    | Noticed an orc warlord
 20226 | Orc:3    | Killed an orc warlord
 20226 | Orc:3    | Reached skill level 10 in Throwing
 20708 | Orc:4    | Entered Level 4 of the Orcish Mines
 20747 | Orc:4    | Found a staircase to the Elven Halls.
 21040 | Orc:4    | Paralysed by an orc sorcerer for 4 turns
 21420 | Orc:4    | Received a gift from Okawaru
 21634 | Orc:4    | Found Joym's Book Shop.
 21634 | Orc:4    | Found Cimoaq's Weapon Emporium.
 21634 | Orc:4    | Found Gorurhin's Food Emporium.
 21634 | Orc:4    | Found Docusa's Distillery.
 21972 | Orc:4    | Received a gift from Okawaru
 22060 | Orc:4    | Received a gift from Okawaru
 23368 | D:12     | Reached XP level 15. HP: 153/153 MP: 16/16
 24444 | D:13     | HP: 6/153 [yaktaur/bolt (35)]
 24582 | D:13     | Found a gate to the Vaults.
 24614 | D:13     | HP: 2/153 [barbs]
 24614 | D:13     | Mangled by a vault guard

Action                   |  1- 3 |  4- 6 |  7- 9 | 10-12 | 13-15 || total
-------------------------+-------+-------+-------+-------+-------++-------
Melee: Unarmed           |    69 |   154 |   260 |   771 |  1219 ||  2473
Throw: Stone             |       |       |     1 |       |       ||     1
       Tomahawk          |       |       |       |     6 |    33 ||    39
       Javelin           |       |       |       |     1 |       ||     1
Invok: Heroism           |       |       |     2 |     3 |     3 ||     8
 Abil: Evoke Flight      |       |       |       |       |     2 ||     2
  Use: Scroll            |       |       |       |    17 |     4 ||    21
 Stab: Sleeping          |     3 |     3 |     4 |     7 |     4 ||    21
       Distracted        |       |     1 |     1 |       |     2 ||     4
  Eat: Chunk             |    10 |    15 |    36 |    85 |    89 ||   235
       Fruit             |       |       |       |       |     3 ||     3
       Pizza             |       |       |       |       |     3 ||     3
